 Dungeon Crawl Stone Soup version 0.21.1-1-g345015fe64 (webtiles) character file.

153 Mrkan the Shield-Bearer (level 5, -7/33 HPs)
             Began as a Gargoyle Fighter on May 4, 2018.
             Mangled by Mrkan's ghost (12 damage)
             ... on level 3 of the Dungeon.
             The game lasted 00:07:53 (2279 turns).

Mrkan the Shield-Bearer (Gargoyle Fighter)          Turns: 2279, Time: 00:07:53

Health: -7/33      AC: 11    Str: 20    XL:     5   Next: 35%
Magic:  5/5        EV:  7    Int:  9    God:
Gold:   104        SH:  9    Dex:  9    Spells: 4/4 levels left

rFire    . . .     SeeInvis .   a - +0 flail
rCold    . . .     Gourm    .   c - +0 shield
rNeg     + . .     Faith    .   b - +0 scale mail
rPois    ∞         Spirit   .   (no helmet)
rElec    +         Reflect  .   (no cloak)
rCorr    .         Harm     .   (no gloves)
MR       .....                  (no boots)
Stlth    ..........             (no amulet)
HPRegen  0.11/turn              (no ring)
MPRegen  0.09/turn              (no ring)

@: no status effects
A: negative energy resistance 1, electricity resistance, unbreathing,
petrification resistance, rot immunity, AC +4
a: no special abilities


You were on level 3 of the Dungeon.
You were not hungry.

You visited 1 branch of the dungeon, and saw 3 of its levels.

You collected 104 gold pieces.

Inventory:

Hand Weapons
 a - a +0 flail (weapon)
 j - a +2 great sword of electrocution
Armour
 b - a +0 scale mail (worn)
 c - a +0 shield (worn)
Jewellery
 h - an uncursed ring of protection from fire {unknown}
Wands
 o - a wand of iceblast (7)
Scrolls
 k - a scroll of teleportation {unknown}
 l - a scroll of fog {unknown}
 m - a scroll of remove curse {unknown}
Potions
 d - 2 potions of might
 g - a potion of brilliance {unknown}
 i - 2 potions of flight {unknown}
Books
 e - a book of Changes

   Spells                             Type                      Level
   a - Beastly Appendage              Transmutation                1
   b - Sticks to Snakes               Transmutation                2
   c - Spider Form                    Transmutation/Poison         3
   d - Ice Form                       Ice/Transmutation            4
   e - Blade Hands                    Transmutation                5
Comestibles
 f - 3 rations
 n - a chunk of flesh


   Skills:
 + Level 3.7 Fighting
 + Level 3.4 Maces & Flails
 * Level 4.0 Armour
 - Level 0.2 Dodging
 + Level 0.8 Stealth
 + Level 4.6 Shields


You had 4 spell levels left.
You didn't know any spells.

Dungeon Overview and Level Annotations

Branches:
Dungeon (3/15)

Altars:
Okawaru

Annotations:
D:3 Mrkan's ghost, amateur HOFi


Innate Abilities, Weirdness & Mutations

You are resistant to torment.
Your stone body is resilient. (AC +4)
You are immune to poison.
You resist negative energy. (rN+)
You are resistant to electric shocks. (rElec)
You can survive without breathing.
You are immune to petrification.
You are immune to rotting.


Message History

You closely miss Mrkan's ghost.
Mrkan's ghost is heavily damaged.
Mrkan's ghost hits you.
Mrkan's ghost hits you but does no damage.
You barely miss Mrkan's ghost.
Mrkan's ghost is heavily damaged.
You block Mrkan's ghost's attack.
You hit Mrkan's ghost but do no damage.
Mrkan's ghost is moderately damaged.
Mrkan's ghost hits you.
You hit Mrkan's ghost but do no damage.
Mrkan's ghost is moderately damaged.
Mrkan's ghost hits you. x2
You closely miss Mrkan's ghost.
Mrkan's ghost is moderately damaged.
Mrkan's ghost hits you!
* * * LOW HITPOINT WARNING * * *
You block Mrkan's ghost's attack. Mrkan's ghost hits you!
You die...

.............#####......# .#
##.......................# #.# .
...............###.......####.#..
..♣...#........# #.##..#.#....#..
.♣.♣........##.# #.###.#.#....#..
♣.♣.♣.......##.# #.......#....#..
.♣.♣.♣......##.#######..##......#
♣._.♣.♣...###.......###...#......
.♣.♣.♣....# #...@...# #...#.....#
♣.♣.♣)....###....W..###...###)...
.♣.♣......'...............# #.#.#
..♣...#...##..(........#'## #.#.#
..........##.#....##...#'####.÷..
....########.#....##......>......
...## # #....##............. ...#
......##............. ...# ...##.
###...........


You could see Mrkan's ghost.

Vanquished Creatures
  An orc wizard (D:3)
  5 adders
  A worm (D:3)
  2 leopard geckos
  3 orcs (D:3)
  13 bats
  2 giant cockroaches
  7 goblins
  5 hobgoblins
  13 jackals
  5 kobolds
  9 frilled lizards
  9 rats
75 creatures vanquished.

Notes
Turn   | Place    | Note
-------+----------+-------------------------------------------
     0 | D:1      | Mrkan the Gargoyle Fighter began the quest for the Orb.
     0 | D:1      | Reached XP level 1. HP: 14/14 MP: 1/1
    77 | D:1      | Reached XP level 2. HP: 14/19 MP: 2/2
   414 | D:1      | Reached XP level 3. HP: 23/23 MP: 3/3
   676 | D:1      | You fall through a shaft!
  1318 | D:2      | Reached XP level 4. HP: 27/28 MP: 4/4
  1832 | D:3      | Found an iron altar of Okawaru.
  1887 | D:3      | Reached XP level 5. HP: 11/33 MP: 5/5
  2235 | D:3      | Noticed Mrkan's ghost (amateur HOFi)
  2279 | D:3      | Mangled by Mrkan's ghost

Skill      XL: |  1  2  3  4 |
---------------+-------------+-----
Shields        | 4 |  4.6
Maces & Flails | 3 |  3.4
Armour         | 4 |  4.0
Fighting       | |  3.7
Dodging        | |  0.2
Stealth        | |  0.8

Action                   |  1- 3 |  4- 6 || total
-------------------------+-------+-------++-------
Melee: Flail             |   184 |   165 ||   349
  Use: Scroll            |     1 |       ||     1
  Eat: Ration            |     1 |       ||     1
       Chunk             |       |     2 ||     2
Armor: Scale mail        |   161 |   116 ||   277
Dodge: Dodged            |    88 |    78 ||   166
Block: Shield            |   166 |    92 ||   258
